3AA
SAN BERNARDINO GRASSHOPPERS @ MARQUETTE MINERS
08/01/2029
 
TOP OF THE 1ST
San Bernardino Grasshoppers batting - Pitching for Marquette Miners : LHP Seymour Hummel
Pitching: LHP Seymour Hummel
Batting: RHB Oscar Gandarilla 0-0: Ball
1-0: Called Strike
1-1: Ground out 5-3 (Groundball, 56)
Batting: RHB Kelly Harris 0-0: SINGLE (Groundball, 4MS) (infield hit)
Batting: RHB Griffin Woodfinlevine 0-0: Ball
1-0: Reached on error, E4 (Groundball, 4)
Kelly Harris to second
Batting: RHB Claudio Tappen 0-0: Called Strike
0-1: Fly out, F8 (Flyball, 8LM)
Batting: RHB Apu Nahasapeemapetilon 0-0: Called Strike
0-1: Fly out, F5 (Popup, 5F)
Top of the 1st over - 0 runs, 1 hit, 1 error, 2 left on base; San Bernardino 0 - Marquette 0
BOTTOM OF THE 1ST
Marquette Miners batting - Pitching for San Bernardino Grasshoppers : RHP Juan Hernández
Pitching: RHP Juan Hernández
Batting: RHB Juan Tellado 0-0: Ball
1-0: Ground out 5-3 (Groundball, 25)
Batting: LHB Francisco Alfaro 0-0: Swinging Strike
0-1: Ball
1-1: Called Strike
1-2: Foul Ball, location: 2F
1-2: Ball
2-2: Fly out, F4 (Popup, 23)
Batting: RHB Edgar Balerio 0-0: Fly out, F9 (Flyball, 89S)
Bottom of the 1st over - 0 runs, 0 hits, 0 errors, 0 left on base; San Bernardino 0 - Marquette 0
TOP OF THE 2ND
San Bernardino Grasshoppers batting - Pitching for Marquette Miners : LHP Seymour Hummel
Batting: RHB Cisco Feijoo 0-0: Called Strike
0-1: Called Strike
0-2: Strikes out looking
Batting: RHB Felix Plugge 0-0: Ball
1-0: Ball
2-0: Ground out 6-3 (Groundball, 6)
Batting: RHB Jorge Estrada 0-0: Foul Ball, location: 2F
0-1: Swinging Strike
0-2: Strikes out swinging
Top of the 2nd over - 0 runs, 0 hits, 0 errors, 0 left on base; San Bernardino 0 - Marquette 0
BOTTOM OF THE 2ND
Marquette Miners batting - Pitching for San Bernardino Grasshoppers : RHP Juan Hernández
Batting: LHB Shelby Noonan 0-0: Ball
1-0: Swinging Strike
1-1: Fly out, F9 (Line Drive, 9)
Batting: RHB Manuel Rosales 0-0: Called Strike
0-1: Ground out 1-3 (Groundball, 13S)
Batting: LHB Greg Gross 0-0: Fly out, F8 (Flyball, 8LS)
Bottom of the 2nd over - 0 runs, 0 hits, 0 errors, 0 left on base; San Bernardino 0 - Marquette 0
TOP OF THE 3RD
San Bernardino Grasshoppers batting - Pitching for Marquette Miners : LHP Seymour Hummel
Batting: LHB Harold Wiggins 0-0: Called Strike
0-1: Foul Ball, location: 2F
0-2: Strikes out swinging
Batting: RHB Oscar Gandarilla 0-0: Ball
1-0: Ground out 4-3 (Groundball, 4M)
Batting: RHB Kelly Harris 0-0: Ball
1-0: Ball
2-0: Called Strike
2-1: Foul Ball, location: 2F
2-2: Ball
3-2: Base on Balls
Batting: RHB Griffin Woodfinlevine 0-0: Called Strike
0-1: Ball
1-1: Called Strike
1-2: Ball
Wild Pitch!
Kelly Harris to second
2-2: Ball
3-2: Foul Ball, location: 2F
3-2: Foul Ball, location: 2F
3-2: Fly out, F9 (Line Drive, 89S)
Top of the 3rd over - 0 runs, 0 hits, 0 errors, 1 left on base; San Bernardino 0 - Marquette 0
BOTTOM OF THE 3RD
Marquette Miners batting - Pitching for San Bernardino Grasshoppers : RHP Juan Hernández
Batting: LHB Dong-hwan Yun 0-0: Foul Ball, location: 2F
0-1: Ball
1-1: Ball
2-1: Foul Ball, location: 2F
2-2: Foul Ball, location: 2F
2-2: Fly out, F7 (Flyball, 78D)
Batting: RHB Sameen Shaw 0-0: Called Strike
0-1: Ball
1-1: Called Strike
1-2: Ground out 5-3 (Groundball, 56)
Batting: RHB Ryan French 0-0: Ball
1-0: Fly out, F9 (Flyball, 9LMF)
Bottom of the 3rd over - 0 runs, 0 hits, 0 errors, 0 left on base; San Bernardino 0 - Marquette 0
TOP OF THE 4TH
San Bernardino Grasshoppers batting - Pitching for Marquette Miners : LHP Seymour Hummel
Batting: RHB Claudio Tappen 0-0: Called Strike
0-1: Foul Ball, location: 2F
0-2: Foul Ball, location: 2F
0-2: Ground out 4-3 (Groundball, 4M)
Batting: RHB Apu Nahasapeemapetilon 0-0: Swinging Strike
0-1: Ground out 5-3 (Groundball, 56S)
Batting: RHB Cisco Feijoo 0-0: DOUBLE (Line Drive, 7LM)
Batting: RHB Felix Plugge 0-0: Called Strike
0-1: Swinging Strike
0-2: Ball
1-2: Strikes out looking
Top of the 4th over - 0 runs, 1 hit, 0 errors, 1 left on base; San Bernardino 0 - Marquette 0
BOTTOM OF THE 4TH
Marquette Miners batting - Pitching for San Bernardino Grasshoppers : RHP Juan Hernández
Batting: RHB Juan Tellado 0-0: Called Strike
0-1: Ball
1-1: Ball
2-1: Foul Ball, location: 2F
2-2: Strikes out looking
Batting: LHB Francisco Alfaro 0-0: Swinging Strike
0-1: Ball
1-1: Ball
2-1: Foul Ball, location: 2F
2-2: Strikes out swinging
Batting: RHB Edgar Balerio 0-0: Fly out, F7 (Line Drive, 7)
Bottom of the 4th over - 0 runs, 0 hits, 0 errors, 0 left on base; San Bernardino 0 - Marquette 0
TOP OF THE 5TH
San Bernardino Grasshoppers batting - Pitching for Marquette Miners : LHP Seymour Hummel
Batting: RHB Jorge Estrada 0-0: Ball
1-0: Swinging Strike
1-1: Swinging Strike
1-2: Ball
2-2: Foul Ball, location: 2F
2-2: Ball
3-2: Base on Balls
Batting: LHB Harold Wiggins 0-0: Sac Bunt - play at first, batter OUT! 1-3
Jorge Estrada to second
Batting: RHB Oscar Gandarilla 0-0: Foul Ball, location: 2F
0-1: Ball
1-1: Called Strike
1-2: Fly out, F8 (Line Drive, 8RD)
Batting: RHB Kelly Harris 0-0: Called Strike
0-1: Foul Ball, location: 2F
0-2: Ball
1-2: Ball
2-2: SINGLE (Line Drive, 6M)
Jorge Estrada to third
Runner from 3rd tries for Home, SAFE, no throw
Batting: RHB Griffin Woodfinlevine 0-0: Called Strike
0-1: Called Strike
Kelly Harris steals 2nd base
0-2: Ground out 6-3 (Groundball, 6M)
Top of the 5th over - 1 run, 1 hit, 0 errors, 1 left on base; San Bernardino 1 - Marquette 0
BOTTOM OF THE 5TH
Marquette Miners batting - Pitching for San Bernardino Grasshoppers : RHP Juan Hernández
Batting: LHB Shelby Noonan 0-0: Ball
1-0: Ball
2-0: Ball
3-0: Base on Balls
Batting: RHB Manuel Rosales 0-0: Foul Ball, location: 2F
0-1: Ball
1-1: Fielders Choice at 2nd, 1-4 (Groundball, 15S)
Batting: LHB Greg Gross 0-0: Ball
Manuel Rosales is caught stealing 2nd base
1-0: Ball
2-0: Foul Ball, location: 2F
2-1: Ground out 6-3 (Groundball, 56D)
Bottom of the 5th over - 0 runs, 0 hits, 0 errors, 0 left on base; San Bernardino 1 - Marquette 0
TOP OF THE 6TH
San Bernardino Grasshoppers batting - Pitching for Marquette Miners : LHP Seymour Hummel
Batting: RHB Claudio Tappen 0-0: Called Strike
0-1: Foul Ball, location: 2F
0-2: Strikes out swinging
Batting: RHB Apu Nahasapeemapetilon 0-0: Called Strike
0-1: Fly out, F8 (Flyball, 89M)
Batting: RHB Cisco Feijoo 0-0: Called Strike
0-1: Ground out 5-3 (Groundball, 56)
Top of the 6th over - 0 runs, 0 hits, 0 errors, 0 left on base; San Bernardino 1 - Marquette 0
BOTTOM OF THE 6TH
Marquette Miners batting - Pitching for San Bernardino Grasshoppers : RHP Juan Hernández
Batting: LHB Dong-hwan Yun 0-0: Ball
1-0: Foul Ball, location: 2F
1-1: Ball
2-1: Called Strike
2-2: Foul Ball, location: 2F
2-2: SINGLE (Line Drive, 34S)
Batting: RHB Sameen Shaw 0-0: Foul Ball, location: 2F
0-1: Ball
1-1: Foul Ball, location: 2F
1-2: Ball
2-2: Grounds into double play, 4-6-3 (Groundball, 4)
Batting: RHB Ryan French 0-0: Called Strike
0-1: Foul Ball, location: 2F
0-2: Foul Ball, location: 2F
0-2: Foul Ball, location: 2F
0-2: Strikes out swinging
Bottom of the 6th over - 0 runs, 1 hit, 0 errors, 0 left on base; San Bernardino 1 - Marquette 0
TOP OF THE 7TH
San Bernardino Grasshoppers batting - Pitching for Marquette Miners : LHP Seymour Hummel
Batting: RHB Felix Plugge 0-0: Fly out, F7 (Flyball, 78S)
Batting: RHB Jorge Estrada 0-0: Called Strike
0-1: Swinging Strike
0-2: Ground out 4-3 (Groundball, 4)
Batting: LHB Harold Wiggins 0-0: Fly out, F5 (Popup, 15)
Top of the 7th over - 0 runs, 0 hits, 0 errors, 0 left on base; San Bernardino 1 - Marquette 0
BOTTOM OF THE 7TH
Marquette Miners batting - Pitching for San Bernardino Grasshoppers : RHP Juan Hernández
Batting: RHB Juan Tellado 0-0: Ball
1-0: Ball
2-0: Called Strike
2-1: Swinging Strike
2-2: Strikes out swinging
Batting: LHB Francisco Alfaro 0-0: Ground out U3 (Groundball, 3)
Batting: RHB Edgar Balerio 0-0: Ball
1-0: Called Strike
1-1: Called Strike
1-2: Ball
2-2: Strikes out swinging
Bottom of the 7th over - 0 runs, 0 hits, 0 errors, 0 left on base; San Bernardino 1 - Marquette 0
TOP OF THE 8TH
San Bernardino Grasshoppers batting - Pitching for Marquette Miners : LHP Seymour Hummel
Batting: RHB Oscar Gandarilla 0-0: Called Strike
0-1: Ball
1-1: Fly out, F8 (Flyball, 8RS)
Batting: RHB Kelly Harris 0-0: Ball
1-0: Ball
2-0: Ball
3-0: Called Strike
3-1: Base on Balls
Batting: RHB Griffin Woodfinlevine 0-0: Called Strike
0-1: Swinging Strike
0-2: Ball
1-2: Ball
2-2: Foul Ball, location: 2F
2-2: Foul Ball, location: 2F
2-2: Strikes out swinging
Batting: RHB Claudio Tappen 0-0: Ball
1-0: Ball
2-0: Called Strike
2-1: Fly out, F7 (Flyball, 7)
Top of the 8th over - 0 runs, 0 hits, 0 errors, 1 left on base; San Bernardino 1 - Marquette 0
BOTTOM OF THE 8TH
Marquette Miners batting - Pitching for San Bernardino Grasshoppers : RHP Juan Hernández
Batting: LHB Shelby Noonan 0-0: Called Strike
0-1: Fly out, F6 (Line Drive, 6)
Batting: RHB Manuel Rosales 0-0: Called Strike
0-1: Ball
1-1: Called Strike
1-2: Ball
2-2: Foul Ball, location: 2F
2-2: Ball
3-2: Foul Ball, location: 2F
3-2: Base on Balls
Batting: LHB Greg Gross 0-0: Called Strike
0-1: Bunted foul
0-2: Ball
1-2: Ball
2-2: Fielders Choice at 2nd, 1-6 (Groundball, 13)
Batting: LHB Dong-hwan Yun 0-0: Fly out, F6 (Line Drive, 6)
Bottom of the 8th over - 0 runs, 0 hits, 0 errors, 1 left on base; San Bernardino 1 - Marquette 0
TOP OF THE 9TH
San Bernardino Grasshoppers batting - Pitching for Marquette Miners : LHP Seymour Hummel
Batting: RHB Apu Nahasapeemapetilon 0-0: Called Strike
0-1: Foul Ball, location: 2F
0-2: Fly out, F7 (Flyball, 7S)
Batting: RHB Cisco Feijoo 0-0: Ground out 6-3 (Groundball, 6)
Batting: RHB Felix Plugge 0-0: Ball
1-0: Foul Ball, location: 2F
1-1: SINGLE (Flyball, 89S)
Pitching: RHP Esteban Ramos
Pinch Runner at 1st Domingo Bravo:
Pinch Hitting: LHB Natale Langushi 0-0: Called Strike
0-1: Ball
1-1: Ball
2-1: Called Strike
2-2: Foul Ball, location: 2F
2-2: Strikes out swinging
Top of the 9th over - 0 runs, 1 hit, 0 errors, 1 left on base; San Bernardino 1 - Marquette 0
BOTTOM OF THE 9TH
Marquette Miners batting - Pitching for San Bernardino Grasshoppers : RHP Juan Hernández
Pitching: RHP Austin Aries
Now at 2B: Natale Langushi
Batting: RHB Sameen Shaw 0-0: Called Strike
0-1: Ball
1-1: Ball
2-1: Called Strike
2-2: Strikes out looking
Pinch Hitting: SHB Norm Singletary 0-0: Called Strike
0-1: Ball
1-1: Called Strike
1-2: Strikes out swinging
Batting: RHB Juan Tellado 0-0: Foul Ball, location: 2F
0-1: Foul Ball, location: 2F
0-2: Ball
1-2: Strikes out swinging
Bottom of the 9th over - 0 runs, 0 hits, 0 errors, 0 left on base; San Bernardino 1 - Marquette 0
Tuesday, December 19th, 2017 - OOTP Baseball 18.8 Build 76